 Dungeon Crawl Stone Soup version 0.24.0-123-gd5b16e6ec5 (webtiles) character file.

Game seed: 674260428409470614, levelgen mode: deterministic

2415 Froggeryz the Chiller (level 9, -10/79 HPs)
             Began as a Naga Ice Elementalist on Jan 4, 2020.
             Was a Believer of Sif Muna.
             Mangled by a mummy (15 damage)
             ... on level 7 of the Dungeon on Jan 5, 2020.
             The game lasted 00:18:48 (7821 turns).

Froggeryz the Chiller (Naga Ice Elementalist)       Turns: 7821, Time: 00:18:48

Health: -10/79     AC:  5    Str: 11      XL:     9   Next: 47%
Magic:  10/14      EV:  9    Int: 19      God:    Sif Muna [**....]
Gold:   223        SH:  0    Dex:  8 (11) Spells: 5/15 levels left

rFire    + + .     SeeInvis +   I - +1 short sword of Honour {holy, rElec rPois rF+ rC-} (curse)
rCold    . . .     Gourm    .   (no shield)
rNeg     . . .     Faith    .   a - +0 robe
rPois    +         Spirit   .   d - +1 hat {MR+}
rElec    +         Reflect  .   B - scarf {rC+ rF+}
rCorr    .         Harm     .   (no gloves)
MR       ++...                  (no barding)
Stlth    ++........             v - amulet of rage
HPRegen  0.23/turn              n - ring of wizardry
MPRegen  0.14/turn              A - ring of wizardry

@: starving, very slow
A: large, see invisible, deformed body, poison resistance, slowness 2, slow
metabolism 1, spit poison 1, AC +3
a: Spit Poison, Channel Magic, Renounce Religion, Evoke Berserk Rage


You were on level 7 of the Dungeon.
You worshipped Sif Muna.
Sif Muna was pleased with you.
You were starving.

You visited 2 branches of the dungeon, and saw 8 of its levels.
You also visited: Sewer.

You collected 223 gold pieces.

Inventory:

Hand Weapons
 k - a +1 whip of venom
 H - a +1 hand axe of freezing
 I - the cursed +1 short sword of Honour (weapon) {holy, rElec rPois rF+ rC-}
   (You found it in a sewer)

   It has been blessed by the Shining One to cause great damage to the undead
   and demons.
   It protects you from fire.
   It makes you vulnerable to cold.
   It insulates you from electricity.
   It protects you from poison.
   It has a curse placed upon it.
Missiles
 m - 7 javelins (quivered)
Armour
 a - a +0 robe (worn)
 d - a +1 hat of magic resistance (worn)
 B - a scarf of resistance (worn)
Magical Staves
 s - an uncursed staff of wizardry {unknown}
Jewellery
 n - a ring of wizardry (left hand)
 t - an uncursed ring of positive energy
 v - an amulet of rage (around neck)
 A - a ring of wizardry (right hand)
 E - an uncursed ring of positive energy
Wands
 l - a wand of digging (8)
 w - a wand of paralysis (6)
Scrolls
 b - a scroll of enchant weapon
 f - 3 scrolls of identify
 o - 2 scrolls of enchant armour
 p - 2 scrolls of teleportation
Potions
 e - 2 potions of curing {unknown}
 g - a potion of mutation {unknown}
 h - 3 potions of heal wounds
 i - 2 potions of brilliance {unknown}
 j - a potion of flight {unknown}
 q - a potion of might {unknown}
 u - a potion of invisibility {unknown}
 x - 2 potions of lignification {unknown}
 z - a potion of degeneration {unknown}
 C - a potion of berserk rage {unknown}
 D - a potion of haste {unknown}
Comestibles
 c - 12 rations


   Skills:
 + Level 4.4 Fighting
 - Level 6.1 Maces & Flails
 - Level 1.5 Dodging
 - Level 3.0 Stealth
 * Level 3.5 Spellcasting
   Level 1.0 Conjurations
 - Level 6.0 Summonings
 - Level 7.3 Ice Magic


You had 5 spell levels left.
You knew the following spells:

 Your Spells              Type           Power        Failure   Level  Hunger
a - Freeze                Ice            ####         1%          1    None
b - Ozocubu's Armour      Chrm/Ice       ###.....     2%          3    ###....
c - Summon Ice Beast      Ice/Summ       ####....     2%          4    ####...
d - Blink                 Tloc           N/A          6%          2    ##.....

Your spell library contained the following spells:

 Spells                   Type           Power        Failure   Level  Hunger
 Call Imp                 Summ           ####....     1%          2    ##.....
 Throw Frost              Conj/Ice       ###...       1%          2    ##.....
 Magic Dart               Conj           #...         2%          1    None
 Slow                     Hex            #.......     6%          2    ##.....
 Throw Icicle             Conj/Ice       ###.....     7%          4    ####...
 Conjure Flame            Conj/Fire      #.......     10%         3    ###....
 Mephitic Cloud           Conj/Pois/Air  #.......     11%         3    ###....


Dungeon Overview and Level Annotations

Branches:
Dungeon (7/15)             Temple (1/1) D:4           Sewer (visited)

Altars:
Ashenzari
Dithmenos
Elyvilon
Hepliaklqana
Makhleb
Nemelex Xobeh
Okawaru
Qazlal
Ru
Sif Muna
Trog
Uskayaw
Wu Jian
Xom
Yredelemnul
Zin
The Shining One

Portals:
Ossuary: D:7


Innate Abilities, Weirdness & Mutations

You cannot wear boots.
Your serpentine skin is tough. (AC +3)
You have supernaturally acute eyesight. (SInv)
Armour fits poorly on your strangely shaped body.
Your system is resistant to poisons. (rPois)
You cover ground very slowly.
You have a slow metabolism.
You can spit poison.


Message History

The mummy is heavily damaged.
You barely miss the mummy.
The mummy is heavily damaged.
The mummy barely misses you.
You barely miss the mummy.
The mummy is heavily damaged.
The mummy hits you!
* * * LOW HITPOINT WARNING * * *
You hit the mummy but do no damage.
The mummy is heavily damaged.
You hit the mummy.
The mummy convulses.
The mummy is almost destroyed.
The mummy hits you!
* * * LOW HITPOINT WARNING * * *
Casting: Freeze (safe; 1% risk of failure)
Confirm with . or Enter, or press ? or * to list all spells.
A chill wind blows around you.
You are starving!
The mummy hits you!
You die...

#..# #..# #..# #<.#
#..##### #..#...# #
######....#.#######..##
#..............Y.......
##..###'###.###@###..##
#. #.##...##M# #
###.....### #.......#
#.)###'###.... ##. #.#
...# # ### .## #


You could see a mummy and a friendly ice beast.

Vanquished Creatures
  Duvessa (D:4)
  A water moccasin (D:6)
  2 sky beasts (D:5)
  An orc warrior (D:6)
  A phantom (D:6)
  5 ogres
  2 centaurs
  3 bullfrogs
  Dowan (D:4)
  2 howler monkeys
  2 crimson imps
  A quasit (D:6)
  An orc priest (D:5)
  2 bullfrog skeletons
  2 hounds
  8 orc wizards
  Natasha (thrice) (D:2)
  2 iguanas
  2 worker ants
  A worker ant zombie (D:7)
  11 adders
  A gnoll (D:6)
  A howler monkey skeleton (D:5)
  2 oozes
  An adder skeleton (D:5)
  An adder zombie (D:6)
  5 worms
  3 dart slugs
  7 leopard geckos
  26 orcs
  9 bats
  9 giant cockroaches
  16 goblins
  12 hobgoblins
  8 jackals
  A quokka (D:3)
  7 frilled lizards
  A hobgoblin zombie (D:7)
  8 kobolds
  An orc zombie (D:7)
  10 rats
183 creatures vanquished.

Vanquished Creatures (collateral kills)
  A gnoll shaman (D:6)
  3 gnolls (D:6)
  An adder (D:5)
  An orc (D:6)
6 creatures vanquished.

Grand Total: 189 creatures vanquished

Notes
Turn   | Place    | Note
-------+----------+-------------------------------------------
     0 | D:1      | Froggeryz the Naga Ice Elementalist began the quest for the
                  | Orb.
     0 | D:1      | Reached XP level 1. HP: 15/15 MP: 3/3
   294 | D:1      | Reached skill level 1 in Fighting
   297 | D:1      | Reached XP level 2. HP: 19/25 MP: 0/5
  1013 | D:1      | Reached XP level 3. HP: 29/32 MP: 4/6
  1193 | D:2      | Noticed Natasha
  1201 | D:2      | Killed Natasha
  1201 | D:2      | Reached XP level 4. HP: 15/40 MP: 2/7
  1249 | D:2      | Noticed Natasha
  1256 | D:2      | Killed Natasha
  1579 | D:2      | Noticed Natasha
  1589 | D:2      | Killed Natasha
  1589 | D:2      | Reached skill level 4 in Ice Magic
  1589 | D:2      | Reached XP level 5. HP: 37/50 MP: 4/8
  1606 | D:2      | Found a white marble altar of Elyvilon.
  1631 | D:2      | Learned a level 3 spell: Ozocubu's Armour
  2533 | D:3      | Reached skill level 1 in Maces & Flails
  2855 | D:3      | Found a bloodstained altar of Trog.
  2855 | D:3      | Found a hide-covered altar of Uskayaw.
  3209 | D:3      | Reached XP level 6. HP: 57/57 MP: 9/9
  3551 | D:3      | Found a shadowy altar of Dithmenos.
  3898 | D:4      | Reached skill level 5 in Ice Magic
  4119 | D:4      | Reached XP level 7. HP: 56/64 MP: 7/10
  4234 | D:4      | Noticed Duvessa
  4235 | D:4      | Noticed Dowan
  4252 | D:4      | Killed Duvessa
  4252 | D:4      | Reached skill level 6 in Ice Magic
  4498 | D:4      | Found a staircase to the Ecumenical Temple.
  4507 | Temple   | Entered the Ecumenical Temple
  4599 | Temple   | Became a worshipper of Sif Muna the Loreminder
  4940 | D:4      | Killed Dowan
  4967 | D:5      | Entered Level 5 of the Dungeon
  5092 | D:5      | Reached skill level 7 in Ice Magic
  5092 | D:5      | Reached XP level 8. HP: 30/72 MP: 8/11
  5443 | D:5      | Learned a level 4 spell: Summon Ice Beast
  5470 | D:5      | Reached skill level 1 in Summonings
  5567 | D:5      | Reached * piety under Sif Muna
  5672 | D:5      | Learned a level 2 spell: Blink
  5790 | D:5      | Reached skill level 5 in Maces & Flails
  5875 | D:5      | HP: 2/72 [sky beast (5)]
  6347 | D:6      | Reached skill level 5 in Summonings
  6347 | D:6      | Reached XP level 9. HP: 50/78 MP: 3/12
  6658 | D:6      | Found a glowing drain.
  6671 | Sewer    | Entered a sewer
  6810 | Sewer    | Reached ** piety under Sif Muna
  7059 | Sewer    | Got a scorched short sword
  7062 | Sewer    | Identified the cursed +1 short sword of Honour {holy, rElec
                  | rPois rF+ rC-} (You found it in a sewer)
  7071 | Sewer    | Identified a scroll of acquirement
  7744 | D:6      | Found a stormy altar of Qazlal.
  7810 | D:7      | Found a sand-covered staircase.
  7821 | D:7      | Mangled by a mummy

Levels and vault maps discovered:
D:1:      dpeg_arrival_rooms_with_view, layout_loops_corners,
          hangedman_decor_opposing, nrook_mini_vaults
D:2:      layout_loops_cross, elyvilon_altar_3, hangedman_decor_lopped,
          uniq_natasha
D:3:      layout_loops_ring, gammafunk_temple_overflow_wave,
          nicolae_dithmenos_through_a_glass_darkly, grunt_ministairs_7,
          glass_columns_b, kennysheep_nondescript
D:4:      layout_loops_cross, minmay_temple_entry_overgrown, uniq_duvessa
D:5:      layout_rooms, first_ration
D:6:      layout_loops_ring, portal_sewer_entry_d, hangedman_decor_slide_cut,
          nicolae_qazlal_eye_of_the_storm
D:7:      layout_loops_ring, nicolae_ossuary_entry_giza
Temple:   nicolae_temple_hex_pool

Skill      XL: |  1  2  3  4  5  6  7  8  9 |
---------------+----------------------------+-----
Fighting       | 1 2 3 4 |  4.4
Ice Magic      | 4 5 7 |  7.3
Maces & Flails | 1 2 4 5 6 |  6.1
Summonings     | 5 6 |  6.0
Spellcasting   | 3 |  3.5
Dodging        | |  1.5
Stealth        | |  3.0
Conjurations   | |  1.0

Action                   |  1- 3 |  4- 6 |  7- 9 || total
-------------------------+-------+-------+-------++-------
Melee: Unarmed           |    21 |     1 |       ||    22
       Whip              |       |   185 |   219 ||   404
       Short sword       |       |       |    62 ||    62
Throw: Javelin           |       |       |     4 ||     4
 Cast: Freeze            |    29 |    42 |    77 ||   148
       Summon Ice Beast  |       |       |     9 ||     9
       Ozocubu's Armour  |       |       |     2 ||     2
 Abil: Spit Poison       |    16 |    19 |    38 ||    73
  Use: Potion            |       |       |     1 ||     1
       Scroll            |       |       |     9 ||     9
 Stab: Sleeping          |       |     5 |     5 ||    10
  Eat: Chunk             |     2 |     9 |    13 ||    24
Armor: Robe              |    12 |    55 |   117 ||   184
Dodge: Dodged            |    29 |   125 |   172 ||   326
